 Dungeon Crawl Stone Soup version 0.31-a0-426-g3a05650e59 (webtiles) character file.

Game seed: 15604587611569875901

4 shadowstone the Conjurer (level 1, -2/12 HPs)
             Began as a Gargoyle Reaver on July 30, 2023.
             Frozen to death by an endoplasm (4 damage)
             ... on level 1 of the Dungeon.
             The game lasted 00:00:40 (187 turns).

shadowstone the Conjurer (Gargoyle Reaver)           Turns: 187, Time: 00:00:41

Health: -2/12      AC:  8    Str: 15    XL:     1   Next: 70%
Magic:  3/3        EV:  9    Int: 13    God:
Gold:   0          SH:  0    Dex:  8    Spells: 3/4 levels left

rFire   . . .        a - +0 falchion
rCold   . . .        (no shield)
rNeg    + . .        d - +0 scale mail
rPois   ∞            (no helmet)
rElec   +            (no cloak)
rCorr   .            (no gloves)
SInv    .            (no boots)
Will    .....        (no amulet) Stlth
                     (no ring)
HPRegen 0.22/turn    (no ring)
MPRegen 0.08/turn

%: no passive effects
@: no status effects
A: sickness immunity, AC +2, negative energy resistance 1, electricity
resistance, torment resistance 1, petrification resistance
a: no special abilities


You were on level 1 of the Dungeon.
You visited 1 branch of the dungeon, and saw 1 of its levels.

Inventory:

Hand Weapons
 a - a +0 falchion (weapon)
Armour
 b - a +0 leather armour
 d - a +0 scale mail (worn)
Scrolls
 c - a scroll of teleportation {unknown}
 e - a scroll of blinking {unknown}


   Skills:
 + Level 2.2 Fighting
 + Level 2.8 Long Blades
 + Level 1.5 Dodging
 + Level 2.0 Spellcasting
 + Level 3.4 Conjurations


You had 3 spell levels left.
You knew the following spells:

 Your Spells              Type           Power      Damage    Failure   Level
a - Kiss of Death         Conj/Necr      20%        2d7       47%         1

Your spell library contained the following spells:

 Spells                   Type           Power      Damage    Failure   Level
 Momentum Strike          Conj/Tloc      10%        3d8       63%         2
 Hailstorm                Conj/Ice       5%         3d4       85%         3


Dungeon Overview and Level Annotations

Branches:
Dungeon (1/15)

Altars:


Innate Abilities, Weirdness & Mutations

You are immune to sickness and miasma.
Your stone body is resilient. (AC +2)
You are immune to poison.
You resist negative energy. (rN+)
You are resistant to electric shocks. (rElec)
You are resistant to unholy torment.
You are immune to petrification.


Message History

You continue putting on your +0 scale mail. x5
You finish putting on your +0 scale mail.
Found an escape hatch in the floor.
Found a scroll labelled XELAVOQILU.
A ball python comes into view.
The ball python hisses angrily.
You hit the ball python.
You kill the ball python!
e - a scroll labelled XELAVOQILU A rat comes into view.
The rat barely misses you.
You closely miss the rat. The rat barely misses you.
You completely miss the rat. The rat barely misses you.
You hit the rat.
You kill the rat!
You see here a rat corpse.
An endoplasm and a goblin come into view.
Found 2 smoky cyan potions.
The goblin shouts!
The goblin hits you with a +0 club.
You hit the goblin.
The goblin is moderately wounded.
The goblin hits you but does no damage.
You barely miss the goblin.
The goblin is moderately wounded.
The endoplasm hits you. The goblin barely misses you.
The endoplasm freezes you.
You are frozen.
The goblin misses you.
You hit the goblin but do no damage.
The goblin is moderately wounded.
The endoplasm freezes you.
You are frozen.
* * * LOW HITPOINT WARNING * * *
The goblin hits you but does no damage.
You hit the goblin.
You kill the goblin!
The endoplasm hits you but does no damage.
The endoplasm freezes you.
You are frozen.
You die...

#........## #........^.
######........###
...........$....
..............###
.................
.........J....#
.........@....#
..###.#.##########.#.#.#
#..................#
#........####......#
#..........##......#
#..........##......#
###..........##......#
.............##......#
.......†.............###


You could see an endoplasm.

Vanquished Creatures
  A bat (D:1)
  A goblin (D:1)
  A ball python (D:1)
  A kobold (D:1)
  A rat (D:1)
5 creatures vanquished.

Notes
Turn   | Place    | Note
-------+----------+-------------------------------------------
     0 | D:1      | shadowstone the Gargoyle Reaver began the quest for the
                  | Orb.
     0 | D:1      | Reached XP level 1. HP: 12/12 MP: 3/3
   187 | D:1      | Frozen to death by an endoplasm

Illustrated notes

Levels and vault maps discovered:
D:1:      matt_arrival_refuge, layout_basic

Action                     || total
---------------------------++-------
  Melee: Falchion          ||    20
         Punch             ||     1
 Armour: Leather armour    ||    18
         Scale mail        ||     3
  Dodge: Dodged            ||    12

Table legend: (Time is in decaauts)
 A = Elapsed time spent in this place.
 B = Non-inter-level travel time spent in this place.
 C = Inter-level travel time spent in this place.
 D = Time resting spent in this place.
 E = Time spent auto-exploring this place.
 F = Levels seen in this place.
 G = Mean time per level.
                   A        B        C        D        E       F      G
               +--------+--------+--------+--------+--------+-----+--------+
         Total |    190 |    190 |      0 |      0 |     14 |   1 |  190.0 |
       Dungeon |    190 |    190 |      0 |      0 |     14 |   1 |  190.0 |
               +--------+--------+--------+--------+--------+-----+--------+

Top non-repeatable levels by time:
     D:1: 190 daAuts
